[ AOE2 MATCH · #476600275 ]
1v1 RMDravidians vs Mongols
Rival team · LOSS
[ REPLAY ANALYSIS · EXTRACTED FROM THE RECORDED GAME ]
Feudal
10:36
Castle
20:05
Imperial
34:20
| APM avg | 35.4 |
| APM peak | 82 |
| eAPM avg | 25.1 |
| Villagers / military | 177 / 232 |
Focus
⚔️ 34.4% · 🌾 65.6%
Urumi Swordsman ×77 · Skirmisher ×59 · Spearman ×50 · Fire Galley ×18 · Trebuchet (Packed) ×15 · Fishing Ship ×9
Feudal
10:31
Castle
19:52
Imperial
37:55
| APM avg | 37.8 |
| APM peak | 88 |
| eAPM avg | 22.4 |
| Villagers / military | 166 / 252 |
Focus
⚔️ 26.1% · 🌾 73.9%
Scout Cavalry ×80 · Archer ×51 · Mangudai ×32 · Galley ×29 · Steppe Lancer ×28 · Unknown (2626) ×20
Match map
Initial resources + every placement click. Lines = walls · curves = elevation contours. ◆ gold · ⬟ stone · ● berries · ✦ relic · ◌ wall gap
Your base· ✓ Map-separated
[KoM] SirFreddi's base· ✓ Map-separated
Smoothed initial terrain · ◌ = detected wall gap · hover for details
Inputs per minute
— ¡El Bills y El Whis! - - [KoM] SirFreddi
Build order — ¡El Bills y El Whis!
First 150 of 661 actions detected
| 0:02 | Create | Villager (Male) |
| 0:04 | Build | House |
| 0:07 | Build | House |
| 0:15 | Create | Villager (Male) |
| 0:15 | Create | Villager (Male) |
| 0:24 | Create | Villager (Male) |
| 0:24 | Create | Villager (Male) |
| 1:24 | Create | Villager (Male) |
| 1:25 | Create | Villager (Male) |
| 1:58 | Build | Lumber Camp |
| 2:02 | Create | Villager (Male) |
| 2:02 | Create | Villager (Male) |
| 2:21 | Create | Villager (Male) |
| 2:21 | Create | Villager (Male) |
| 2:49 | Create | Villager (Male) |
| 2:49 | Create | Villager (Male) |
| 3:14 | Create | Villager (Male) |
| 3:14 | Create | Villager (Male) |
| 3:39 | Create | Villager (Male) |
| 3:39 | Create | Villager (Male) |
| 3:55 | Build | House |
| 3:59 | Create | Villager (Male) |
| 4:00 | Create | Villager (Male) |
| 4:27 | Create | Villager (Male) |
| 4:28 | Create | Villager (Male) |
| 4:42 | Build | Dock |
| 5:00 | Create | Villager (Male) |
| 5:00 | Create | Villager (Male) |
| 5:19 | Create | Fishing Ship |
| 5:19 | Create | Fishing Ship |
| 5:27 | Create | Villager (Male) |
| 5:27 | Create | Villager (Male) |
| 5:42 | Create | Villager (Male) |
| 5:42 | Create | Villager (Male) |
| 5:51 | Create | Villager (Male) |
| 5:52 | Create | Villager (Male) |
| 5:55 | Create | Fishing Ship |
| 5:55 | Create | Fishing Ship |
| 6:27 | Create | Fishing Ship |
| 6:28 | Create | Fishing Ship |
| 6:41 | Create | Villager (Male) |
| 7:01 | Create | Villager (Male) |
| 7:18 | Build | House |
| 7:27 | Create | Villager (Male) |
| 7:39 | Create | Fishing Ship |
| 7:40 | Create | Fishing Ship |
| 7:46 | Build | House |
| 7:57 | Create | Villager (Male) |
| 8:26 | Research | Feudal Age |
| 8:32 | Create | Fishing Ship |
| 8:51 | Build | Mining Camp |
| 9:00 | Create | Villager (Male) |
| 9:23 | Build | Mill |
| 10:04 | Create | Villager (Male) |
| 10:19 | Build | Dock |
| 10:36 | Age | Feudal Age |
| 11:04 | Build | Dock |
| 11:09 | Create | Fire Galley |
| 11:10 | Create | Fire Galley |
| 11:10 | Create | Fire Galley |
| 11:14 | Build | House |
| 11:21 | Create | Villager (Male) |
| 11:51 | Create | Fire Galley |
| 12:00 | Create | Villager (Male) |
| 12:01 | Create | Villager (Male) |
| 12:12 | Create | Villager (Male) |
| 12:46 | Create | Fire Galley |
| 12:55 | Create | Villager (Male) |
| 13:16 | Build | Lumber Camp |
| 13:26 | Create | Villager (Male) |
| 13:32 | Create | Demolition Raft |
| 13:33 | Create | Fire Galley |
| 13:38 | Create | Fire Galley |
| 13:42 | Create | Villager (Male) |
| 13:59 | Create | Fire Galley |
| 14:04 | Create | Villager (Male) |
| 14:19 | Create | Villager (Male) |
| 14:31 | Create | Fire Galley |
| 14:31 | Create | Demolition Raft |
| 14:40 | Build | House |
| 15:02 | Create | Villager (Male) |
| 15:34 | Create | Fire Galley |
| 15:34 | Create | Fire Galley |
| 15:45 | Create | Villager (Male) |
| 15:53 | Build | Market |
| 16:02 | Create | Fire Galley |
| 16:05 | Create | Villager (Male) |
| 16:13 | Create | Villager (Male) |
| 16:40 | Build | House |
| 16:44 | Build | Blacksmith |
| 16:46 | Create | Villager (Male) |
| 17:08 | Build | Mining Camp |
| 17:16 | Research | Castle Age |
| 17:52 | Create | Galley |
| 17:53 | Create | Galley |
| 17:54 | Create | Galley |
| 18:04 | Research | Double-Bit Axe |
| 18:14 | Build | House |
| 19:22 | Research | Fletching |
| 20:05 | Age | Castle Age |
| 20:12 | Create | Galley |
| 20:18 | Create | Galley |
| 20:35 | Build | Town Center |
| 20:39 | Create | Villager (Male) |
| 21:04 | Research | War Galley (upgrade) |
| 21:13 | Research | Bodkin Arrow |
| 21:25 | Create | Villager (Male) |
| 21:34 | Create | Galley |
| 21:34 | Create | Galley |
| 21:34 | Create | Galley |
| 21:40 | Create | Galley |
| 21:45 | Create | Villager (Male) |
| 21:45 | Create | Villager (Male) |
| 21:45 | Create | Villager (Male) |
| 21:50 | Build | Farm |
| 21:50 | Build | Farm |
| 21:50 | Build | Farm |
| 21:51 | Build | Farm |
| 21:51 | Build | Farm |
| 21:51 | Build | Farm |
| 21:51 | Build | Farm |
| 21:56 | Research | Horse Collar |
| 23:00 | Build | Stone Wall |
| 23:04 | Create | Villager (Male) |
| 23:04 | Create | Villager (Male) |
| 23:06 | Research | Loom |
| 23:11 | Build | Farm |
| 23:11 | Build | Farm |
| 23:12 | Build | Farm |
| 23:12 | Build | Farm |
| 23:12 | Build | Farm |
| 23:13 | Build | Farm |
| 23:13 | Build | Farm |
| 23:26 | Create | Villager (Male) |
| 23:33 | Create | Villager (Male) |
| 23:34 | Create | Villager (Male) |
| 23:34 | Create | Villager (Male) |
| 23:34 | Create | Villager (Male) |
| 23:34 | Create | Villager (Male) |
| 23:41 | Create | Villager (Male) |
| 23:55 | Build | Gate |
| 24:00 | Build | Farm |
| 24:00 | Build | Farm |
| 24:00 | Build | Farm |
| 24:39 | Build | House |
| 24:40 | Create | Villager (Male) |
| 24:40 | Create | Villager (Male) |
| 24:40 | Create | Villager (Male) |
| 24:41 | Create | Villager (Male) |
| 24:47 | Create | Villager (Male) |
Build order — [KoM] SirFreddi
First 150 of 505 actions detected
| 0:01 | Create | Villager (Male) |
| 0:01 | Create | Villager (Male) |
| 0:01 | Create | Villager (Male) |
| 0:03 | Build | House |
| 0:04 | Build | House |
| 0:40 | Create | Villager (Male) |
| 1:31 | Create | Villager (Male) |
| 1:47 | Build | Lumber Camp |
| 2:02 | Create | Villager (Male) |
| 2:27 | Create | Villager (Male) |
| 2:36 | Build | House |
| 2:54 | Create | Villager (Male) |
| 3:08 | Create | Villager (Male) |
| 3:38 | Create | Villager (Male) |
| 4:00 | Create | Villager (Male) |
| 4:20 | Build | Dock |
| 4:31 | Create | Villager (Male) |
| 4:31 | Create | Villager (Male) |
| 4:52 | Build | House |
| 4:59 | Create | Villager (Male) |
| 4:59 | Create | Villager (Male) |
| 5:17 | Create | Villager (Male) |
| 5:32 | Create | Fishing Ship |
| 5:47 | Create | Villager (Male) |
| 6:08 | Create | Villager (Male) |
| 6:10 | Create | Fishing Ship |
| 6:32 | Create | Villager (Male) |
| 6:36 | Build | House |
| 6:39 | Build | House |
| 6:44 | Create | Villager (Male) |
| 7:14 | Create | Villager (Male) |
| 7:19 | Create | Fishing Ship |
| 7:23 | Research | Loom |
| 7:30 | Research | Feudal Age |
| 7:35 | Research | Loom |
| 7:35 | Create | Villager (Male) |
| 7:38 | Research | Feudal Age |
| 8:30 | Build | Mining Camp |
| 9:24 | Build | Dock |
| 9:30 | Build | House |
| 9:31 | Build | House |
| 9:52 | Create | Villager (Male) |
| 9:53 | Create | Villager (Male) |
| 10:19 | Build | Mill |
| 10:31 | Age | Feudal Age |
| 10:34 | Create | Unit 2626 |
| 10:34 | Create | Unit 2626 |
| 10:43 | Research | Double-Bit Axe |
| 11:02 | Create | Villager (Male) |
| 11:14 | Create | Unit 2626 |
| 11:14 | Create | Unit 2626 |
| 11:19 | Create | Unit 2626 |
| 11:29 | Create | Villager (Male) |
| 12:06 | Create | Fishing Ship |
| 12:06 | Create | Fishing Ship |
| 12:12 | Create | Villager (Male) |
| 12:14 | Create | Villager (Male) |
| 12:26 | Create | Villager (Male) |
| 12:33 | Create | Galley |
| 12:33 | Create | Galley |
| 12:35 | Create | Villager (Male) |
| 12:53 | Create | Fishing Ship |
| 12:54 | Create | Villager (Male) |
| 13:03 | Build | Lumber Camp |
| 13:34 | Build | Blacksmith |
| 13:54 | Create | Galley |
| 13:54 | Create | Galley |
| 13:56 | Create | Villager (Male) |
| 14:08 | Build | House |
| 14:10 | Build | House |
| 14:25 | Research | Forging |
| 14:25 | Research | Fletching |
| 14:26 | Create | Villager (Male) |
| 14:52 | Create | Villager (Male) |
| 14:52 | Create | Villager (Male) |
| 14:59 | Build | Mining Camp |
| 15:48 | Create | Unit 2626 |
| 15:48 | Create | Unit 2626 |
| 15:51 | Create | Villager (Male) |
| 16:12 | Build | Market |
| 16:16 | Create | Villager (Male) |
| 16:22 | Create | Unit 2626 |
| 16:22 | Create | Unit 2626 |
| 16:26 | Create | Villager (Male) |
| 17:01 | Research | Castle Age |
| 17:12 | Build | Dock |
| 17:25 | Create | Unit 2626 |
| 17:30 | Create | Villager (Male) |
| 17:56 | Create | Unit 2626 |
| 17:56 | Create | Unit 2626 |
| 18:28 | Create | Unit 2626 |
| 18:28 | Create | Unit 2626 |
| 19:01 | Create | Unit 2626 |
| 19:34 | Create | Unit 2626 |
| 19:35 | Create | Unit 2626 |
| 19:39 | Create | Villager (Male) |
| 19:44 | Create | Villager (Male) |
| 19:52 | Age | Castle Age |
| 20:00 | Build | Town Center |
| 20:11 | Build | Castle |
| 20:16 | Research | Wheelbarrow |
| 20:18 | Build | Barracks |
| 20:20 | Research | Bow Saw |
| 20:34 | Create | Fishing Ship |
| 20:35 | Create | Fishing Ship |
| 21:00 | Create | Villager (Male) |
| 21:08 | Create | Unit 2626 ×2 |
| 21:09 | Create | Villager (Male) |
| 21:33 | Build | Mining Camp |
| 21:37 | Create | Villager (Male) |
| 21:37 | Create | Villager (Male) |
| 21:45 | Build | Lumber Camp |
| 21:57 | Create | Unit 2626 |
| 22:14 | Build | Dock |
| 22:41 | Research | War Galley (upgrade) |
| 22:47 | Create | Villager (Male) |
| 22:47 | Create | Villager (Male) |
| 23:23 | Build | Archery Range |
| 23:27 | Create | Villager (Male) |
| 23:38 | Build | Monastery |
| 23:56 | Research | Tech 906 |
| 24:05 | Build | University |
| 24:21 | Create | Villager (Male) |
| 24:27 | Create | Mangudai |
| 24:27 | Create | Mangudai |
| 24:28 | Create | Mangudai |
| 25:09 | Create | Villager (Male) |
| 25:10 | Create | Villager (Male) |
| 25:15 | Build | Farm |
| 25:15 | Build | Farm |
| 25:15 | Build | Farm |
| 25:16 | Build | Farm |
| 25:23 | Build | Lumber Camp |
| 25:29 | Create | Mangudai |
| 25:29 | Create | Mangudai |
| 25:49 | Research | Town Watch |
| 26:00 | Build | Castle |
| 26:05 | Create | Mangudai |
| 26:05 | Create | Mangudai |
| 26:05 | Create | Mangudai |
| 26:05 | Create | Mangudai |
| 26:06 | Create | Mangudai |
| 26:08 | Create | Villager (Male) |
| 26:08 | Create | Villager (Male) |
| 26:08 | Create | Villager (Male) |
| 26:11 | Build | Farm |
| 26:11 | Build | Farm |
| 26:11 | Build | Farm |
| 26:11 | Build | Farm |
| 26:12 | Build | Farm |
Match timeline
| 4:20 | [KoM] SirFreddi · first_building Dock |
| 4:42 | ¡El Bills y El Whis! · first_building Dock |
| 10:31 | [KoM] SirFreddi · age_up feudal |
| 10:36 | ¡El Bills y El Whis! · age_up feudal |
| 16:59 | [KoM] SirFreddi · first_market_buy 100 food |
| 19:52 | [KoM] SirFreddi · age_up castle |
| 20:05 | ¡El Bills y El Whis! · age_up castle |
| 20:11 | [KoM] SirFreddi · first_building Castle |
| 20:18 | [KoM] SirFreddi · first_building Barracks |
| 21:11 | ¡El Bills y El Whis! · first_market_buy 100 food |
| 23:00 | ¡El Bills y El Whis! · wall_segment Stone Wall x21 |
| 23:07 | [KoM] SirFreddi · first_market_sell 100 wood |
| 23:23 | [KoM] SirFreddi · first_building Archery Range |
| 23:38 | [KoM] SirFreddi · first_building Monastery |
| 28:43 | ¡El Bills y El Whis! · first_building Castle |
| 30:40 | ¡El Bills y El Whis! · first_market_sell 100 stone |
| 32:21 | [KoM] SirFreddi · first_building Siege Workshop |
| 34:20 | ¡El Bills y El Whis! · age_up imperial |
| 36:33 | [KoM] SirFreddi · first_building Stable |
| 37:55 | [KoM] SirFreddi · age_up imperial |
| 40:27 | ¡El Bills y El Whis! · wall_segment Stone Wall x2 |
| 44:26 | ¡El Bills y El Whis! · first_building Barracks |
| 44:41 | ¡El Bills y El Whis! · wall_segment Stone Wall x12 |
| 45:31 | ¡El Bills y El Whis! · first_building Archery Range |
| 45:58 | ¡El Bills y El Whis! · wall_segment Stone Wall x5 |
| 59:35 | [KoM] SirFreddi · resign |
[ AI ANALYSIS · 1 CREDIT ]
What really happened in this match?
Wolo.gg analyzes every decision: build order, eco, micro, common mistakes by bracket. Personalized analysis on WhatsApp or Discord in 30 seconds.
Civ guide
Dravidians
Map guide
MegaRandom
Perfil
¡El Bills y El Whis!